 Dungeon Crawl Stone Soup version 0.19.1 (webtiles) character file.

20 JGreham the Shield-Bearer (level 2, -8/16 HPs)
             Began as a Vine Stalker Fighter on Dec 22, 2016.
             Was a Believer of Uskayaw.
             Mangled by an iguana (11 damage)
             ... on level 4 of the Dungeon.
             The game lasted 00:04:21 (778 turns).

JGreham the Shield-Bearer (Vine Stalker Fighter)     Turns: 778, Time: 00:04:29

Health: -8/16      AC:  6    Str: 18    XL:     2   Next: 79%
Magic:  0/3        EV:  7    Int:  8    God:    Uskayaw [**....]
Gold:   15         SH:  9    Dex: 13    Spells: 0 memorised, 1 level left

rFire  . . .     SeeInvis .     a - +1 long sword
rCold  . . .     Gourm    .     b - +0 scale mail
rNeg   . . .     Faith    .     c - +0 shield
rPois  .         Spirit   +     (no helmet)
rElec  .         Reflect  .     (no cloak)
rCorr  .         Harm     .     (no gloves)
MR     .....                    (no boots)
Stlth  ..........               (no amulet)
                                (no ring)
                                (no ring)

@: no status effects
A: fangs 2, magic shield, antimagic bite, no device heal 3, rot immunity
a: Stomp, Line Pass, Renounce Religion


You were on level 4 of the Dungeon.
You worshipped Uskayaw.
Uskayaw was noncommittal.
You were not hungry.

You visited 1 branch of the dungeon, and saw 4 of its levels.

You collected 15 gold pieces.

Inventory:

Hand Weapons
 a - a +1 long sword (weapon)
Armour
 b - a +0 scale mail (worn)
 c - a +0 shield (worn)
 h - a +0 robe
Scrolls
 e - 3 scrolls of identify
 i - a scroll of remove curse
Potions
 j - a potion of degeneration
Books
 d - a book of Misfortune

   Spells                             Type                      Level
   a - Confusing Touch                Hexes                        1
   b - Confuse                        Hexes                        3
   c - Gell's Gravitas                Hexes/Translocation          3
   d - Petrify                        Transmutation/Earth          4
   e - Metabolic Englaciation         Hexes/Ice                    5
   f - Yara's Violent Unravelling     Hexes/Transmutation          5
Comestibles
 f - a bread ration
 g - a beef jerky


   Skills:
 + Level 2.9 Fighting
 + Level 2.0 Long Blades
 + Level 2.7 Armour
 + Level 3.0 Shields


You had one spell level left.
You didn't know any spells.

Dungeon Overview and Level Annotations

Branches:
Dungeon (4/15)
 Temple: D:4-7

Altars:
Uskayaw
Vehumet


Innate Abilities, Weirdness & Mutations

You have extremely sharp teeth.
When hurt, damage is shared between your health and your magic reserves.
Your bite disrupts and absorbs the magic of your enemies.
Potions and wands cannot restore your health.
You are immune to rotting.


Message History

You hit the iguana. Your bite misses the iguana.
The iguana is almost dead.
The iguana hisses menacingly.
The iguana bites you!
You can now pass through a line of other dancers.
You hit the iguana but do no damage. You bite the iguana, but do no damage.
The iguana is almost dead.
The iguana bites you but does no damage.
You block the iguana's attack.
You closely miss the iguana. You bite the iguana. You drain its power.
You feel invigorated.
The iguana is almost dead.
You block the iguana's attack.
You hit the iguana but do no damage. Your bite misses the iguana.
The iguana is almost dead.
The iguana bites you.
* * * LOW HITPOINT WARNING * * *
The iguana bites you!
Ouch! That really hurt!
You die...

##################
#....l@..........###
#.##########.......#
#.......#
#.......####
#..........#
#........§.#
#......§§.§.
#.....§§..$#
#.......§...


You could see an iguana.

Vanquished Creatures
  An adder (D:3)
  An orc (D:3)
  3 giant cockroaches
  A goblin (D:3)
  3 kobolds
9 creatures vanquished.

Notes
Turn   | Place    | Note
-------+----------+-------------------------------------------
     0 | D:1      | JGreham the Vine Stalker Fighter began the quest for the Orb.
     0 | D:1      | Reached XP level 1. HP: 11/11 MP: 2/2
   263 | D:2      | Found a faded altar of an unknown god.
   272 | D:2      | Became a worshipper of Uskayaw the Reveler
   272 | D:2      | Reached * piety under Uskayaw
   294 | D:3      | Reached XP level 2. HP: 2/16 MP: 0/3
   294 | D:3      | Reached ** piety under Uskayaw
   698 | D:3      | Reached skill level 3 in Shields
   743 | D:4      | Found a radiant altar of Vehumet.
   778 | D:4      | Mangled by an iguana

Skill      XL: |  1  2 |
---------------+-------+-----
Long Blades    | 2 |  2.0
Shields        | 3 |  3.0
Fighting       | |  2.9
Armour         | |  2.7

Action                   || total
-------------------------++-------
Melee: Long sword        ||    39
       Bite              ||    10
  Use: Scroll            ||     6
       Potion            ||     1
Armor: Scale mail        ||    17
Dodge: Dodged            ||    10
Block: Shield            ||    22
       Rpst.: Long sword ||     3
